 Dungeon Crawl Stone Soup version 0.21.1-1-g345015f (webtiles) character file.

168 Econoterrorist the Insei (level 5, 0/41 HPs)
             Began as a Demonspawn Monk on Feb 8, 2018.
             Slain by Grinder (2 damage)
             ... while paralysed by Grinder
             ... on level 3 of the Dungeon.
             The game lasted 00:07:32 (4388 turns).

Econoterrorist the Insei (Demonspawn Monk)          Turns: 4388, Time: 00:07:32

Health: 0/41       AC:  5    Str: 16    XL:     5   Next: 23%
Magic:  5/5        EV:  2    Int: 13    God:
Gold:   133        SH:  0    Dex: 15    Spells: 4/4 levels left

rFire    . . .     SeeInvis .     - Unarmed
rCold    . . .     Gourm    .   (no shield)
rNeg     . . .     Faith    .   a - +0 robe
rPois    .         Spirit   .   g - +1 helmet
rElec    .         Reflect  .   (no cloak)
rCorr    .         Harm     .   (no gloves)
MR       .....                  h - +0 pair of boots
Stlth    ++........             (no amulet)
HPRegen  0.13/turn              (no ring)
MPRegen  0.09/turn              (no ring)

@: paralysed, mighty
A: powered by pain 2
a: no special abilities


You were on level 3 of the Dungeon.
You were not hungry.

You visited 1 branch of the dungeon, and saw 3 of its levels.

You collected 133 gold pieces.

Inventory:

Missiles
 l - 3 throwing nets (quivered)
Armour
 a - a +0 robe (worn)
 g - a +1 helmet (worn)
 h - a +0 pair of boots (worn)
Scrolls
 d - 3 scrolls of teleportation {unknown}
 f - a scroll of amnesia {unknown}
 i - a scroll of identify {unknown}
 j - 3 scrolls of immolation {unknown}
Potions
 k - a potion of cancellation {unknown}
 m - a potion of curing {unknown}
Comestibles
 b - 8 rations


   Skills:
 - Level 3.0 Fighting
 - Level 2.6 Dodging
 - Level 1.7 Stealth
 + Level 5.4 Unarmed Combat


You had 4 spell levels left.
You didn't know any spells.

Dungeon Overview and Level Annotations

Branches:
Dungeon (3/15)

Altars:

Annotations:
D:3 Grinder


Innate Abilities, Weirdness & Mutations

You sometimes gain power by taking damage.


Message History

You barely miss Grinder.
Grinder is moderately wounded.
It was a potion of heal wounds.
You feel much better. Grinder hits you!
You writhe in agony.
You feel very mighty all of a sudden. Grinder misses you.
You punch Grinder!
Grinder is heavily wounded.
Grinder hits you.
* * * LOW HITPOINT WARNING * * *
You writhe in agony.
* * * LOW HITPOINT WARNING * * *
You punch Grinder!
Grinder is severely wounded.
Grinder gestures at you.
You suddenly lose the ability to move!
Grinder hits you.
* * * LOW HITPOINT WARNING * * *
You writhe in agony.
You die...

##.# ######..##
#.
#(<รท.....#....
#........#....
#......$...#
#.........##
#........##
#...5....#
#....@...#
#........#
#........#
#........#
##########


You could see Grinder.

Vanquished Creatures
  Robin (D:2)
  4 gnolls (D:2)
  2 adders (D:2)
  2 oozes (D:2)
  An adder skeleton (D:2)
  A worm (D:2)
  2 dart slugs
  3 bats
  6 giant cockroaches
  15 hobgoblins
  8 jackals (D:1)
  A ball python (D:3)
  3 frilled lizards
  14 goblins
  6 kobolds
  A leopard gecko zombie (D:2)
  10 rats
80 creatures vanquished.

Notes
Turn   | Place    | Note
-------+----------+-------------------------------------------
     0 | D:1      | Econoterrorist the Demonspawn Monk began the quest for the Orb.
     0 | D:1      | Reached XP level 1. HP: 18/18 MP: 1/1
   186 | D:1      | Reached skill level 3 in Unarmed Combat
   507 | D:1      | Gained mutation: You sometimes gain a little power by taking damage. [demonic ancestry]
   507 | D:1      | Reached XP level 2. HP: 24/24 MP: 2/2
   915 | D:1      | Reached XP level 3. HP: 21/29 MP: 3/3
  1163 | D:1      | Reached skill level 4 in Unarmed Combat
  2216 | D:2      | Noticed Robin
  2461 | D:2      | Killed Robin
  2461 | D:2      | Reached XP level 4. HP: 21/35 MP: 4/4
  3131 | D:2      | Reached skill level 5 in Unarmed Combat
  3328 | D:2      | Gained mutation: You sometimes gain power by taking damage. [demonic ancestry]
  3328 | D:2      | Reached XP level 5. HP: 41/41 MP: 5/5
  3890 | D:3      | Noticed Grinder
  3978 | D:3      | Paralysed by Grinder for 6 turns
  4366 | D:3      | Paralysed by Grinder for 7 turns
  4387 | D:3      | Paralysed by Grinder for 2 turns
  4388 | D:3      | HP: 2/41 [Grinder (6)]
  4388 | D:3      | Slain by Grinder

Skill      XL: |  1  2  3  4 |
---------------+-------------+-----
Unarmed Combat | 3 4 5 |  5.4
Fighting       | |  3.0
Dodging        | |  2.6
Stealth        | |  1.7

Action                   |  1- 3 |  4- 6 || total
-------------------------+-------+-------++-------
Melee: Unarmed           |   187 |   113 ||   300
       Punch             |     1 |     3 ||     4
  Use: Potion            |       |     2 ||     2
 Stab: Sleeping          |     6 |     1 ||     7
  Eat: Chunk             |     5 |     5 ||    10
       Ration            |       |     1 ||     1
Armor: Robe              |    27 |    25 ||    52
Dodge: Dodged            |   100 |    61 ||   161
